 Dungeon Crawl Stone Soup version 0.28.0-62-gf88900778d (webtiles) character file.

Game seed: 12350407828455327216

870 cbfl8 the Cleaver (level 8, -2/69 HPs)
             Began as a Hill Orc Fighter on May 29, 2023.
             Succumbed to Edmund's poison
             ... on level 5 of the Dungeon.
             The game lasted 00:05:42 (5126 turns).

cbfl8 the Cleaver (Hill Orc Fighter)                Turns: 5126, Time: 00:05:42

Health: -2/69      AC: 14    Str: 19    XL:     8   Next: 3%
Magic:  8/8        EV:  7    Int:  8    God:
Gold:   157        SH:  5    Dex: 12    Spells: 7/7 levels left

rFire   . . .      SeeInvis .   a - +0 war axe
rCold   + . .      Faith    .   c - +0 buckler
rNeg    . . .      Spirit   .   j - +0 chain mail
rPois   .          Reflect  .   n - +0 helmet
rElec   .          Harm     .   t - +2 cloak
rCorr   +          Rampage  .   (no gloves)
Will    .....                   (no boots)
Stlth   ..........              (no amulet)
HPRegen 0.21/turn               i - ring of protection from cold
MPRegen 0.11/turn               m - ring of resist corrosion

@: lethally poisoned (-2 -> -15), about to teleport
A: no striking features
a: no special abilities


You were on level 5 of the Dungeon.
You visited 1 branch of the dungeon, and saw 5 of its levels.

You collected 157 gold pieces.

Inventory:

Hand Weapons
 a - a +0 war axe (weapon)
Missiles
 r - 2 throwing nets
Armour
 c - a +0 buckler (worn)
 j - a +0 chain mail (worn)
 n - a +0 helmet (worn)
 t - a +2 cloak (worn)
Jewellery
 i - a ring of protection from cold (left hand)
 m - a ring of resist corrosion (right hand)
Wands
 d - a wand of flame (7) (quivered)
 o - a wand of digging (8)
Scrolls
 b - 2 scrolls of noise
 f - 2 scrolls of magic mapping {unknown}
 h - a scroll of fog
 k - a scroll of holy word
 l - 2 scrolls of immolation {unknown}
 q - a scroll of vulnerability {unknown}
 u - a scroll of torment {unknown}
Potions
 s - a potion of magic {unknown}
 v - a potion of haste {unknown}


   Skills:
 + Level 5.5 Fighting
 + Level 8.1 Axes
 + Level 5.8 Armour
 + Level 1.0 Dodging
 + Level 0.5 Stealth
 + Level 4.4 Shields


You had 7 spell levels left.
You didn't know any spells.
Your spell library contained the following spells:

 Spells                   Type           Power      Damage    Failure   Level
 Slow                     Hex            0%         N/A       99%         1
 Ensorcelled Hibernation  Hex/Ice        0%         N/A       100%        2
 Confusing Touch          Hex            0%         N/A       100%        3
 Spider Form              Tmut/Pois      0%         N/A       100%        3
 Vampiric Draining        Necr           0%         2d6       100%        3
 Anguish                  Hex/Necr       0%         N/A       100%        4


Dungeon Overview and Level Annotations

Branches:
Dungeon (5/15)
 Temple: D:4-7

Altars:
Wu Jian

Shops:
D:3 (

Annotations:
D:3 Eustachio
D:4 2 transporters
D:5 Edmund


Message History

Press: ? - help, Q - select action, (/) - cycle Shift-Dir - straight line, f/p - Edmund
Aim: Edmund, wielding a +4 flail of venom and wearing a +0 ring mail (moderately wounded, 72% to hit)
The puff of flame hits Edmund.
Edmund is moderately wounded.
Edmund hits you with a +4 flail of venom.
You are poisoned.
Aiming: Throw Flame
Press: ? - help, Q - select action, (/) - cycle Shift-Dir - straight line, f/p - Edmund
Aim: Edmund, wielding a +4 flail of venom and wearing a +0 ring mail (moderately wounded, 72% to hit)
The puff of flame hits Edmund but does no damage.
Edmund is moderately wounded.
You feel sick.
Edmund hits you with a +4 flail of venom!
You are more poisoned.
Aiming: Throw Flame
Press: ? - help, Q - select action, (/) - cycle Shift-Dir - straight line, f/p - Edmund
Aim: Edmund, wielding a +4 flail of venom and wearing a +0 ring mail (moderately wounded, 72% to hit)
The puff of flame hits Edmund but does no damage.
Edmund is moderately wounded.
You feel very sick. Edmund hits you but does no damage.
You are lethally poisoned!
Aiming: Throw Flame
Press: ? - help, Q - select action, (/) - cycle Shift-Dir - straight line, f/p - Edmund
Aim: Edmund, wielding a +4 flail of venom and wearing a +0 ring mail (moderately wounded, 72% to hit)
The puff of flame hits Edmund.
Edmund is heavily wounded.
* * * LOW HITPOINT WARNING * * *
You feel extremely sick. You block Edmund's attack.
As you read the scroll of teleportation, it crumbles to dust.
You feel strangely unstable.
* * * LOW HITPOINT WARNING * * *
You feel very sick.
Edmund hits you with a +4 flail of venom!
* * * LOW HITPOINT WARNING * * *
Unknown command.
* * * LOW HITPOINT WARNING * * *
You feel very sick.
You die...

#.....<.<..#
#..........###
#............
.##..........#
.............#
.............# (
###...#.@######..
...........#....#
####...@.......#
###.........#
####.<.##....#
.##.......#....#
..#.......#....# .
.............### .# ..
.........###...#.### ...
.........###.#..........
.........##.............


You could see Edmund.

Vanquished Creatures
  Sigmund (D:2)
  An orc warrior (D:4)
  A sky beast (D:4)
  2 vampire bats (D:3)
  A bullfrog zombie (D:5)
  A hound (D:4)
  2 jellies
  An iguana (D:5)
  An orc wizard (D:4)
  2 hound zombies (D:5)
  A hound skeleton (D:4)
  Robin (D:2)
  4 gnolls
  A howler monkey skeleton (D:2)
  9 adders
  3 worms (D:2)
  2 dart slugs
  4 orcs (D:4)
  5 ball pythons
  10 bats
  4 endoplasms
  4 giant cockroaches
  14 goblins
  6 hobgoblins
  8 kobolds
  6 quokkas
  3 frilled lizards
  6 rats
104 creatures vanquished.

Vanquished Creatures (others)
  6 plants (D:4)
6 creatures vanquished.

Grand Total: 110 creatures vanquished

Notes
Turn   | Place    | Note
-------+----------+-------------------------------------------
     0 | D:1      | cbfl8 the Hill Orc Fighter began the quest for the Orb.
     0 | D:1      | Reached XP level 1. HP: 19/19 MP: 1/1
   117 | D:1      | Reached skill level 3 in Axes
   117 | D:1      | Reached XP level 2. HP: 23/27 MP: 2/2
   450 | D:1      | Reached XP level 3. HP: 33/33 MP: 3/3
  1178 | D:1      | Reached skill level 4 in Axes
  1388 | D:2      | Reached XP level 4. HP: 19/40 MP: 4/4
  1640 | D:2      | Noticed Sigmund
  1650 | D:2      | Killed Sigmund
  1651 | D:2      | Reached skill level 5 in Axes
  1651 | D:2      | Reached XP level 5. HP: 30/47 MP: 5/5
  1954 | D:2      | Reached XP level 6. HP: 48/53 MP: 6/6
  2550 | D:2      | Reached skill level 5 in Armour
  2878 | D:3      | Reached skill level 6 in Axes
  2987 | D:3      | Noticed Robin
  3085 | D:2      | Killed Robin
  3191 | D:3      | Found Ariestriun's Weapon Shoppe.
  3559 | D:4      | Reached XP level 7. HP: 60/60 MP: 7/7
  3609 | D:4      | Reached skill level 5 in Fighting
  3609 | D:4      | Reached skill level 7 in Axes
  4132 | D:4      | Noticed Eustachio
  4546 | D:4      | Found a transporter.
  4546 | D:4      | Found a transporter.
  4723 | D:4      | Reached skill level 1 in Dodging
  4883 | D:5      | Entered Level 5 of the Dungeon
  4970 | D:5      | Reached skill level 8 in Axes
  5051 | D:5      | Found an ornate altar of the Wu Jian Council.
  5071 | D:5      | Reached XP level 8. HP: 65/69 MP: 8/8
  5107 | D:5      | Noticed Edmund
  5125 | D:5      | HP: 1/69 [poisoned by Edmund]
  5126 | D:5      | Succumbed to Edmund's poison

Illustrated notes

Levels and vault maps discovered:
D:1:      psy_arrival_basics, layout_loops_ring, hex_large, minmay_tetromino_i2
D:2:      layout_basic, hangedman_decor_riveting, uniq_sigmund
D:3:      layout_basic, serial_shops, nicolae_shop_bloodbath_and_beyond,
          roderic_batcave, uniq_robin
D:4:      layout_layer_cave, gammafunk_ghost_gnarly_gnolls, uniq_eustachio
D:5:      layout_rooms, mainiacjoe_overflow_alcove_1, nrook_mini_vaults,
          uniq_edmund

Skill      XL: |  1  2  3  4  5  6  7 |
---------------+----------------------+-----
Axes           | 3 4 5 6 8 |  8.1
Fighting       | 4 5 |  5.5
Armour         | 4 5 |  5.8
Shields        | 4 |  4.4
Dodging        | 1 |  1.0
Stealth        | |  0.5

Action                   |  1- 3 |  4- 6 |  7- 9 || total
-------------------------+-------+-------+-------++-------
Melee: War axe           |    74 |   130 |    99 ||   303
Evoke: Wand              |       |       |     5 ||     5
  Use: Potion            |       |     1 |     3 ||     4
       Scroll            |       |       |     5 ||     5
Armor: Scale mail        |    30 |     2 |       ||    32
       Chain mail        |       |    94 |    44 ||   138
Dodge: Dodged            |    22 |    40 |    29 ||    91
Block: Buckler           |    14 |    23 |    34 ||    71
